cohdb
Replays
Latest Replays
All Replays
Popular Replays
Top Player Replays
Match Explorer
How It Works
Community
CoH3 Stats
Reddit
Sign in to upload your games and track your stats! →
Sign in with Steam
Match 41800913
Unlisted
Match 41800913
Overview
Messages
Build Orders
End
Construct Section Command Post
Infantry Section
Selects Indian Artillery Battlegroup
Infantry Section
Infantry Section
Selects Towed ML 4.2-inch Heavy Mortar
Towed ML 4.2-inch Heavy Mortar
Construct Platoon Command Post
Unlock M3 Stuart Light Tanks
Infantry Section
Selects Off-map Airburst Barrage
M3 Stuart Light Tank
M3 Stuart Light Tank
Royal Engineer Section
Selects BL5.5 Artillery Emplacement
Construct Company Command Post
Off-map Airburst Barrage
Infantry Section
Infantry Training
Selects Valour
Selects Gurkha Rifles Section
Selects Pillage
Crusader II Medium Tank
Royal Engineer Section
Gurkha Rifles Section
Crusader II Medium Tank
pete748
Falcon-皓
0
0
Comments
sign in to comment!
No comments posted yet!